 Dungeon Crawl Stone Soup version 0.28.0-43-g3370ac3207 (webtiles) character file.

Game seed: 9427950599051723939

85 demenzo the Slasher (level 4, -1/35 HPs)
             Began as a Djinni Cinder Acolyte on Mar 24, 2022.
             Was a High Priest of Ignis.
             Slain by a jackal (3 damage)
             ... on level 2 of the Dungeon.
             The game lasted 00:03:53 (3786 turns).

demenzo the Slasher (Djinni Cinder Acolyte)         Turns: 3786, Time: 00:03:54

Health: -1/35      AC:  2    Str: 13    XL:     4   Next: 75%
Gold:   19         EV: 11    Int: 18    God:    Ignis [*****.] SH:  0 Dex:  8

rFire   + + +      SeeInvis .   a - -1 falchion (flame)
rCold   x . .      Faith    .   (no shield)
rNeg    . . .      Spirit   .   b - +0 robe
rPois   ∞          Reflect  .   (no helmet)
rElec   .          Harm     .   (no cloak)
rCorr   .          Rampage  .   (no gloves)
Will    .....                   (boots unavailable)
Stlth   +.........              (no amulet)
HPRegen 0.11/turn               (no ring)
MPRegen 0.00/turn               (no ring)

@: flying
A: sickness immunity, fire resistance 2, cold vulnerability 1, float, innate
caster, HP casting, extra vitality 1
a: Renounce Religion, Fiery Armour, Foxfire Swarm, Rising Flame


You were on level 2 of the Dungeon.
You worshipped Ignis.
Ignis was extremely pleased with you.
You visited 1 branch of the dungeon, and saw 3 of its levels.

You collected 58 gold pieces.
You spent 39 gold pieces at shops.

Inventory:

Hand Weapons
 a - a -1 falchion of flaming (weapon)
 t - a +0 hunting sling
Missiles
 c - 34 stones
 d - 14 boomerangs
 e - 19 bolts
 l - 46 sling bullets
Armour
 b - a +0 robe (worn)
Jewellery
 f - a ring of ice
 k - a +6 ring of intelligence
Scrolls
 h - a scroll of identify {unknown}
 j - a scroll of fog {unknown}
 n - a scroll of silence {unknown}
 o - a scroll of blinking {unknown}
 p - a scroll of enchant weapon {unknown}
 q - a scroll of teleportation {unknown}
 r - a scroll of noise {unknown}
Potions
 g - 4 potions of curing
 i - a potion of invisibility {unknown}
 m - a potion of flight {unknown}
 s - a potion of might {unknown}


   Skills:
 + Level 3.5 Fighting
 * Level 3.6 Long Blades
 + Level 1.6 Dodging
 + Level 2.8 Spellcasting


You had 5 spell levels left.
You knew the following spells:

 Your Spells              Type           Power      Damage    Failure   Level
a - Scorch                Fire           24%        2d6       8%          2
b - Sting                 Tmut/Pois      48%        1d5       5%          1
Your spell library was empty.

Dungeon Overview and Level Annotations

Branches:
Dungeon (3/15)

Altars:
The Shining One

Shops:
D:1 !


Innate Abilities, Weirdness & Mutations

You are immune to sickness and miasma.
You are immune to poison.
Your flesh is very heat resistant. (rF++)
You are vulnerable to cold. (rC-)
You float through the air rather than walking.
You learn spells naturally, not from books.
Your magical power is your life essence.
You have superior vitality. (+4 MHP)


Message History

Confirm with . or Enter, or press ? or * to list all spells.
Aiming: Sting (safe; 5% risk of failure)
Press: ? - help, Shift-Dir - straight line, f/p - orc
Aim: an orc, wielding a +0 morningstar (71% to hit)
The sting hits the orc.
The orc is poisoned.
The orc is heavily wounded.
* * * LOW HITPOINT WARNING * * *
The jackal bites you.
* * * LOW HITPOINT WARNING * * *
The jackal bites you but does no damage.
The orc closely misses you.
You hit the jackal. You burn the jackal.
You kill the jackal!
The jackal closely misses you. The orc closely misses you.
The jackal barely misses you.
Unknown command.
The orc looks more healthy.
The jackal bites you.
* * * LOW HITPOINT WARNING * * *
The orc hits you with a +0 morningstar.
* * * LOW HITPOINT WARNING * * *
The jackal misses you. The jackal closely misses you.
Your magical contamination has completely faded away.
The jackal closely misses you.
You hit the jackal. You burn the jackal.
The jackal is almost dead.
The jackal bites you.
* * * LOW HITPOINT WARNING * * *
You hit the jackal but do no damage.
The jackal is almost dead.
The jackal bites you.
* * * LOW HITPOINT WARNING * * *
The jackal closely misses you.
You closely miss the jackal.
The jackal is almost dead.
The jackal barely misses you.
You barely miss the jackal.
The jackal is almost dead.
The jackal bites you.
You die...

.#
#######'####...)........†...
.# #.........#########.....
.# #.........# ###### ##
#.........# ####..###.#
##.###.# #..##.# ##.##.#
############ #.@#.#
#........... ##h#.#
#........... ##### #o..#
#........... ....# ##..#
#...........
....#############..#
###.........
.................†>#
#...#####.
....################
#.......#. ....# #....##.#.
....# ##....#.#.


You could see an orc and a jackal.

Vanquished Creatures
  2 adders (D:2)
  A worm (D:2)
  3 dart slugs
  An orc (D:3)
  2 endoplasms
  3 giant cockroaches
  9 goblins
  6 hobgoblins
  7 jackals
  3 ball pythons
  A bat (D:2)
  A frilled lizard (D:1)
  7 kobolds
  3 rats
49 creatures vanquished.

Notes
Turn   | Place    | Note
-------+----------+-------------------------------------------
     0 | D:1      | demenzo the Djinni Cinder Acolyte began the quest for the
                  | Orb.
     0 | D:1      | Reached XP level 1. HP: 20/20 MP: 0/0
   123 | D:1      | Reached XP level 2. HP: 21/25 MP: 0/0
   673 | D:1      | Found a faded altar of an unknown god.
   796 | D:1      | Reached XP level 3. HP: 30/30 MP: 0/0
   796 | D:1      | Learned a level 1 spell: Sting
   906 | D:1      | Found Utoyphun's Distillery.
   914 | D:1      | Bought a potion of curing for 39 gold pieces
   929 | D:1      | Reached skill level 1 in Dodging
  2104 | D:2      | Reached XP level 4. HP: 24/35 MP: 0/0
  2923 | D:2      | Found a glowing golden altar of the Shining One.
  3784 | D:2      | HP: 1/35 [jackal (1)]
  3786 | D:2      | Slain by a jackal

Illustrated notes

Levels and vault maps discovered:
D:1:      tarquinn_simple_flora_water_a, layout_basic, serial_shops, shop,
          basic_ecumenical_altar, minmay_misc_feat_more_columns
D:2:      layout_basic, basic_altar, grunt_decor_one_mirror
D:3:      layout_loops_ring, lemuel_tele_altar, mainiacjoe_overflow_24_doors,
          serial_shops, shop, uniq_sigmund, uniq_terence, uniq_pargi,
          uniq_crazy_yiuf_cottage

Skill      XL: |  1  2  3 |
---------------+----------+-----
Long Blades    | 3 |  3.6
Dodging        | 1 |  1.6
Fighting       | |  3.5
Spellcasting   | |  2.8

Action                   |  1- 3 |  4- 6 || total
-------------------------+-------+-------++-------
Melee: Falchion          |   122 |    84 ||   206
       Punch             |     1 |       ||     1
 Cast: Scorch            |     2 |     6 ||     8
       Sting             |       |     5 ||     5
Invok: Fiery Armour      |       |     1 ||     1
Armor: Robe              |    23 |    24 ||    47
Dodge: Dodged            |    91 |    90 ||   181
